 Dungeon Crawl Stone Soup version 0.29-a0-25-g7f48f510a0 (webtiles) character file.

Game seed: 3703544030057205688

46 HallandMoats the Skirmisher (level 3, 33/33 HPs)
             Began as a Ghoul Monk on Feb 1, 2022.
             Was a Believer of Vehumet.
             Safely got out of the dungeon.
             The game lasted 00:01:54 (1634 turns).

HallandMoats the Skirmisher (Ghoul Monk)            Turns: 1634, Time: 00:01:55

Health: 33/33      AC:  5    Str: 14    XL:     3   Next: 68%
Magic:  3/3        EV: 12    Int:  5    God:    Vehumet [**....]
Gold:   45         SH:  0    Dex: 13    Spells: 2/2 levels left

rFire   . . .      SeeInvis .     - Unarmed
rCold   + . .      Faith    .   (no shield)
rNeg    + + +      Spirit   .   i - +2 leather armour {Will+}
rPois   ∞          Reflect  .   (no helmet)
rElec   .          Harm     .   (no cloak)
rCorr   .          Rampage  .   (no gloves)
Will    +....                   (no boots)
Stlth   ++........              (no amulet)
HPRegen 0.11/turn               (no ring)
MPRegen 0.08/turn               (no ring)

@: no status effects
A: claws 1, cold resistance 1, negative energy resistance 3, inhibited
regeneration, torment resistance 2
a: Renounce Religion


You escaped.
You worshipped Vehumet.
Vehumet was pleased with you.
You visited 1 branch of the dungeon, and saw 2 of its levels.

You collected 45 gold pieces.

Inventory:

Armour
 i - a +2 leather armour of willpower (worn)
Scrolls
 a - 2 scrolls of teleportation {unknown}
 b - a scroll of fog {unknown}
 c - 2 scrolls of enchant armour {unknown}
 d - 3 scrolls of enchant weapon {unknown}
 e - a scroll of identify {unknown}
 k - a scroll of blinking {unknown}
Potions
 f - a potion of brilliance {unknown}
 g - a potion of curing {unknown}
 h - a potion of heal wounds {unknown}
 j - a potion of lignification {unknown}
 l - a potion of haste {unknown}


   Skills:
 * Level 3.7 Fighting
 + Level 0.6 Armour
 + Level 2.8 Dodging
 - Level 2.1 Stealth
 + Level 0.6 Shields
 * Level 3.7 Unarmed Combat
 * Level 1.5 Invocations


You had 2 spell levels left.
You didn't know any spells.
Your spell library contained the following spells:

 Spells                   Type           Power      Damage    Failure   Level
 Foxfire                  Conj/Fire      0%         2x1d4     56%         1
 Magic Dart               Conj           0%         1d3       56%         1
 Searing Ray              Conj           0%         2d4       71%         2
 Dazzling Flash           Conj/Hex       0%         N/A       90%         3
 Fulminant Prism          Conj/Hex       0%         3d6       100%        4
 Agony                    Necr           0%         N/A       100%        5
 Silence                  Hex/Air        0%         N/A       100%        5


Dungeon Overview and Level Annotations

Branches:
Dungeon (2/15)

Altars:
Vehumet


Innate Abilities, Weirdness & Mutations

You thrive by killing the living.
You are immune to poison.
You have sharp fingernails.
Your flesh is cold resistant. (rC+)
You are immune to negative energy. (rN+++)
You do not regenerate when monsters are visible.
You are immune to unholy pain and torment.


Message History

The giant cockroach bites you.
You claw the giant cockroach!
You kill the giant cockroach!
The jackal barely misses you.
You closely miss the jackal.
The jackal bites you but does no damage.
You barely miss the jackal. The jackal misses you.
The jackal bites you but does no damage.
You scratch the jackal.
The jackal is almost dead.
The jackal bites you.
You scratch the jackal.
You kill the jackal!
Items here: ††††.
Key pressed, stopping explore.
There is an escape hatch in the floor here.
There is an open door here.
You open the door.
Found a faded altar of an unknown god.
There is an open door here.
Done exploring.
Done exploring.
Done exploring.
There is a faded altar of an unknown god here.
You cannot tell which god this altar belongs to.
Convert to them anyway?
Vehumet accepts your prayer! Vehumet welcomes you!
You can now gain magical power from killing.
Vehumet offers you knowledge of Foxfire.
(D) Dungeon
Where to? (Enter - D:2, ? - help)
What level of the Dungeon? (default 1, ? - help)
There is an open door here.
There is an open door here.
There is a stone staircase leading up here.
You climb upwards.
There is a stone staircase leading down here.
There is a staircase leading out of the dungeon here.
Are you sure you want to leave the Dungeon?
This will make you lose the game!
You have escaped!

#.......# #######.####
#.......# #.......#
#.......########
#..............#
###########.......######.#
.......................#.#
#########.#....>@...##.#.#
#.##.###.##.##.#.######
#.##.# #.##...........#
#########.##.#
#.#####.######)#
..........##.###.#####.#
#.#
############...........#
#.# ######.######### #)#
#...........# #.#
#.#.#####.#.###.###


There were no monsters in sight!

Vanquished Creatures
  An adder (D:2)
  A worm (D:2)
  A dart slug (D:1)
  2 bats (D:1)
  An endoplasm (D:1)
  3 giant cockroaches
  2 hobgoblins
  9 jackals
  2 quokkas (D:1)
  2 ball pythons (D:1)
  A frilled lizard (D:1)
  5 rats (D:1)
30 creatures vanquished.

Notes
Turn   | Place    | Note
-------+----------+-------------------------------------------
     0 | D:1      | HallandMoats the Ghoul Monk began the quest for the Orb.
     0 | D:1      | Reached XP level 1. HP: 19/19 MP: 0/0
   502 | D:1      | Reached XP level 2. HP: 25/26 MP: 1/1
   625 | D:1      | Reached skill level 1 in Invocations
   945 | D:1      | Reached XP level 3. HP: 31/31 MP: 2/2
  1564 | D:2      | Found a faded altar of an unknown god.
  1571 | D:2      | Prayed at the altar of an unknown god.
  1571 | D:2      | Became a worshipper of Vehumet
  1571 | D:2      | Reached * piety under Vehumet
  1571 | D:2      | Offered knowledge of Foxfire by Vehumet.
  1571 | D:2      | Reached ** piety under Vehumet
  1634 | D:$      | Safely got out of the dungeon.

Illustrated notes

Levels and vault maps discovered:
D:1:      dpeg_arrival_tiny_a, layout_loops_ring, hangedman_decor_points
D:2:      layout_rooms, dilly_ecumenical_altar_fadedgnrine

Skill      XL: |  1  2 |
---------------+-------+-----
Invocations    | 1 |  1.5
Fighting       | |  3.7
Armour         | |  0.6
Dodging        | |  2.8
Stealth        | |  2.1
Shields        | |  0.6
Unarmed Combat | |  3.7

Action                   || total
-------------------------++-------
Melee: Unarmed           ||    93
       Punch             ||     4
 Stab: Sleeping          ||     7
Armor: Robe              ||     9
       Leather armour    ||     6
Dodge: Dodged            ||    53

Table legend: (Time is in decaauts)
 A = Elapsed time spent in this place.
 B = Non-inter-level travel time spent in this place.
 C = Inter-level travel time spent in this place.
 D = Time resting spent in this place.
 E = Time spent auto-exploring this place.
 F = Levels seen in this place.
 G = Mean time per level.
                   A        B        C        D        E       F      G
               +--------+--------+--------+--------+--------+-----+--------+
         Total |   1628 |   1535 |     93 |    203 |   1061 |   2 |  814.0 |
       Dungeon |   1628 |   1535 |     93 |    203 |   1061 |   2 |  814.0 |
               +--------+--------+--------+--------+--------+-----+--------+

Top non-repeatable levels by time:
     D:1: 1125 daAuts
     D:2: 503 daAuts
